 Dungeon Crawl Stone Soup version 0.17.0-28-g6e173f8 (webtiles) character file.

18 M4edhros the Magician (level 2, -1/17 HPs)
             Began as an Octopode Wanderer on Nov 26, 2015.
             Slain by a worm (6 damage)
             ... on level 3 of the Dungeon.
             The game lasted 00:00:48 (535 turns).

M4edhros the Magician (Octopode Wanderer)            Turns: 535, Time: 00:00:48

Health: -1/17      AC:  1    Str: 12    XL:     2   Next: 70%
Magic:  6/6        EV: 11    Int: 14    God:
Gold:   24         SH:  0    Dex: 12    Spells: 0 memorised, 7 levels left

rFire  . . .     SeeInvis .     d - +0 dagger
rCold  . . .     Clarity  .     (no shield)
rNeg   . . .     SustAt   .     (helmet restricted)
rPois  .         Gourm    .     (no amulet)
rElec  .         Spirit   .     l - +2 ring of strength
rCorr  .         Warding  .     (no ring)
rMut   .         Stasis   .     (no ring)
MR     .....                    (no ring)
Stlth  +++.......               (no ring)
                                (no ring)
                                (no ring)
                                (no ring)

@: not resistant to hostile enchantments, fairly stealthy
A: almost no armour, amphibious, 8 rings, constrict 8, camouflage 1, gelatinous
body 1
a: no special abilities


You were on level 3 of the Dungeon.
You were not hungry.

You visited 1 branch of the dungeon, and saw 3 of its levels.

You collected 24 gold pieces.

Inventory:

Hand Weapons
 d - a +0 dagger (weapon)
Missiles
 i - 11 stones (quivered)
Jewellery
 l - a +2 ring of strength (left tentacle)
Scrolls
 g - 3 scrolls of identify {unknown}
 k - a scroll of enchant weapon {unknown}
Potions
 c - a potion of lignification
 f - a potion of degeneration {unknown}
 h - a potion of flight {unknown}
Books
 a - a book of Minor Magic

   Spells                             Type                      Level
   a - Magic Dart                     Conjuration                  1
   b - Blink                          Translocation                2
   c - Call Imp                       Summoning                    2
   d - Repel Missiles                 Charms/Air                   2
   e - Slow                           Hexes                        2
   f - Conjure Flame                  Conjuration/Fire             3
   g - Mephitic Cloud                 Conjuration/Poison/Air       3
 b - Gublyag's Grimoire of Companions

   Spells                             Type                      Level
   a - Summon Small Mammal            Summoning                    1
   b - Call Canine Familiar           Summoning                    3
 m - a book of Changes

   Spells                             Type                      Level
   a - Beastly Appendage              Transmutation                1
   b - Sticks to Snakes               Transmutation                2
   c - Spider Form                    Transmutation/Poison         3
   d - Ice Form                       Ice/Transmutation            4
   e - Blade Hands                    Transmutation                5
Comestibles
 e - a bread ration
 j - a fruit


   Skills:
 + Level 1.6 Throwing
 + Level 2.5 Stealth
 + Level 3.2 Spellcasting
   Level 1.0 Transmutations
   Level 3.0 Fire Magic
   Level 1.0 Earth Magic


You had 7 spell levels left.
You didn't know any spells.

Dungeon Overview and Level Annotations

Branches:
Dungeon (3/15)

Altars:


Innate Abilities, Weirdness & Mutations

You cannot wear most types of armour.
You are amphibious.
You can wear up to eight rings at the same time.
You can use your tentacles to constrict eight enemies at once.
Your skin changes colour to match your surroundings (Stealth).
Your rubbery body absorbs attacks (AC +1).


Message History

The giant cockroach barely misses you.
There are monsters nearby!
You hit the giant cockroach but do no damage.
Your grab misses the giant cockroach. The giant cockroach bites you.
There are monsters nearby!
You hit the giant cockroach but do no damage.
Your grab misses the giant cockroach. The giant cockroach bites you.
The giant cockroach bites you.
You hit the giant cockroach. You grab the giant cockroach.
The giant cockroach is moderately wounded.
You constrict the giant cockroach. The giant cockroach closely misses you.
You hit the giant cockroach but do no damage.
The giant cockroach is severely wounded.
You constrict the giant cockroach.
You kill the giant cockroach!
The worm bites you!
* * * LOW HITPOINT WARNING * * *
You hit the worm but do no damage. You grab the worm. You constrict the worm.
The worm bites you.
You die...

#...........##...#
####.............#
##...#......###
##.##...####
####...# #...#
#†..# #)..# #.@.#
#.w.# .......
...........
...............
######...####.#
#...# # .....


You could see a worm.

Vanquished Creatures
  A giant gecko (D:2)
  2 bats
  A giant cockroach (D:3)
  2 hobgoblins (D:2)
  A quokka (D:2)
  A giant newt (D:3)
  4 goblins
  5 rats
17 creatures vanquished.

Notes
Turn   | Place    | Note
--------------------------------------------------------------
     0 | D:1      | M4edhros the Octopode Wanderer began the quest for the Orb.
     0 | D:1      | M4edhros set off with: a book of Minor Magic, Gublyag's Grimoire of Companions, a potion of lignification, a +0 dagger, a bread ration
     0 | D:1      | Reached XP level 1. HP: 11/11 MP: 4/4
     0 | D:1      | Identified Gublyag's Grimoire of Companions
   218 | D:2      | Reached XP level 2. HP: 12/17 MP: 6/6
   535 | D:3      | Slain by a worm

Action                   || total
-------------------------++-------
Melee: Dagger            ||    41
 Stab: Sleeping          ||     3
